 Dungeon Crawl Stone Soup version 0.28-b1-70-g80dc712255 (webtiles) character file.

Game seed: 4556023237762844891

30 cbfl8 the Sneak (level 3, -1/33 HPs)
             Began as a Minotaur Delver on Feb 3, 2022.
             Slain by a scorpion (8 damage)
             ... on level 5 of the Dungeon.
             The game lasted 00:00:21 (205 turns).

cbfl8 the Sneak (Minotaur Delver)                    Turns: 205, Time: 00:00:22

Health: -1/33      AC:  3    Str: 18    XL:     3   Next: 3%
Magic:  2/2        EV: 12    Int:  7    God:
Gold:   0          SH:  0    Dex: 11    Spells: 2/2 levels left

rFire   . . .      SeeInvis .   a - +0 hand axe
rCold   . . .      Faith    .   (no shield)
rNeg    . . .      Spirit   .   b - +0 leather armour
rPois   .          Reflect  .   (helmet restricted)
rElec   .          Harm     .   (no cloak)
rCorr   .          Rampage  .   (no gloves)
Will    .....                   (no boots)
Stlth   ++........              (no amulet)
HPRegen 0.11/turn               (no ring)
MPRegen 0.08/turn               (no ring)

@: lethally poisoned (-1 -> -23)
A: horns 2, retaliatory headbutt
a: no special abilities


You were on level 5 of the Dungeon.
You visited 1 branch of the dungeon, and saw 2 of its levels.

Inventory:

Hand Weapons
 a - a +0 hand axe (weapon)
Armour
 b - a +0 leather armour (worn)
Wands
 g - a wand of digging (3)
Scrolls
 c - a scroll of fog
 d - a scroll of magic mapping
 e - a scroll of fear
 h - a scroll of enchant weapon {unknown}
Potions
 f - a potion of haste


   Skills:
 + Level 4.0 Fighting
 + Level 2.5 Axes
 + Level 0.2 Armour
 + Level 2.3 Dodging
 + Level 4.6 Stealth


You had 2 spell levels left.
You didn't know any spells.
Your spell library was empty.

Dungeon Overview and Level Annotations

Branches:
Dungeon (5/15)
 Temple: D:4-7

Altars:


Innate Abilities, Weirdness & Mutations

You have a pair of horns on your head.
You reflexively headbutt those who attack you in melee.


Message History

You miss the hound. You headbutt the hound. You punch the hound.
The hound is severely wounded.
The hound completely misses you. You furiously retaliate!
You headbutt the hound. The hound barely misses you.
You hit the hound.
You kill the hound!
Your Fighting skill increases to level 4!
You have reached level 2!
You have reached level 3!
Your experience leads to an increase in your attributes!
Increase (S)trength, (I)ntelligence, or (D)exterity?
You feel stronger. x2
You start resting.
A scorpion is nearby!
A scorpion is nearby!
The scorpion stings you.
There is a stone staircase leading up here.
The scorpion misses you.
You hit the scorpion but do no damage. The scorpion barely misses you.
You hit the scorpion.
The scorpion is moderately wounded.
The scorpion barely misses you.
The scorpion stings you but does no damage.
You barely miss the scorpion.
The scorpion is moderately wounded.
The scorpion stings you!
You are poisoned.
The scorpion poisons you!
You closely miss the scorpion.
The scorpion is moderately wounded.
You feel very sick.
The scorpion stings you but does no damage.
You completely miss the scorpion.
The scorpion is moderately wounded.
* * * LOW HITPOINT WARNING * * *
You feel sick. The scorpion stings you.
* * * LOW HITPOINT WARNING * * *
You are more poisoned.
The scorpion poisons you! The scorpion stings you!
You die...

####.# #....#
####.##.#
........#######
####.#.........
... . # #....#####
#.. .. # #..#.#
#.####.. #.#.<..#
#....... #..†@s.#
+....... ####.#.#
#.......
#.#.#######.......
#.#...............
#.##.#............
#.##.#............
#.##.#........#...
#.##.###......# ..
#.# ##.##...# .


You could see a scorpion.

Vanquished Creatures
  A hound (D:5)
1 creature vanquished.

Notes
Turn   | Place    | Note
-------+----------+-------------------------------------------
     0 | D:5      | cbfl8 the Minotaur Delver began the quest for the Orb.
     0 | D:5      | Reached XP level 1. HP: 19/19 MP: 0/0
    30 | D:5      | Noticed a hound
    31 | D:5      | Noticed a scorpion
    49 | D:4      | Noticed a hound
    56 | D:5      | Killed a hound
    57 | D:5      | Reached XP level 2. HP: 7/27 MP: 1/1
    57 | D:5      | Reached XP level 3. HP: 9/33 MP: 2/2
   205 | D:5      | Slain by a scorpion

Illustrated notes

Levels and vault maps discovered:
D:4:      layout_cave_pools, grunt_ministairs_10
D:5:      layout_loops_ring, serial_shops, shop_statue, minmay_misc_feat_chi,
          nrook_mini_vaults, uniq_prince_ribbit1

Skill      XL: |  1 |
---------------+----+-----
Fighting       | 4 |  4.0
Axes           | |  2.5
Armour         | |  0.2
Dodging        | |  2.3
Stealth        | |  4.6

Action                   || total
-------------------------++-------
Melee: Hand axe          ||    11
       Headbutt          ||     1
       Punch             ||     1
Armor: Leather armour    ||     5
Dodge: Dodged            ||    14
